 Dungeon Crawl Stone Soup version 0.22-a0-525-gf69a080 (webtiles) character file.

330 Mgcat the Cleaver (level 6, -10/51 HPs)
             Began as a Hill Orc Monk on June 20, 2018.
             Was a Believer of Ashenzari.
             Mangled by an ogre
             ... wielding a +0 giant club
              (22 damage)
             ... on level 4 of the Dungeon.
             The game lasted 00:08:07 (3516 turns).

Mgcat the Cleaver (Hill Orc Monk)                   Turns: 3516, Time: 00:08:08

Health: -10/51     AC:  9    Str: 16    XL:     6   Next: 51%
Magic:  6/6        EV: 10    Int: 10    God:    Ashenzari [**....]
Gold:   175        SH:  0    Dex: 13    Spells: 5/5 levels left

rFire    . . .     SeeInvis .   a - +1 hand axe
rCold    . . .     Gourm    .   (no shield)
rNeg     . . .     Faith    .   h - +0 scale mail
rPois    .         Spirit   .   (no helmet)
rElec    .         Reflect  .   m - +2 cloak
rCorr    .         Harm     .   (no gloves)
MR       .....                  (no boots)
Stlth    ..........             (no amulet)
HPRegen  0.17/turn              (no ring)
MPRegen  0.10/turn              (no ring)

@: no status effects
A: no striking features
a: Curse Item, Scrying, Renounce Religion


You were on level 4 of the Dungeon.
You worshipped Ashenzari.
Ashenzari was pleased with you.
You were not hungry.

You visited 1 branch of the dungeon, and saw 4 of its levels.

You collected 175 gold pieces.

Inventory:

Hand Weapons
 a - a +1 hand axe (weapon)
 n - a +0 war axe
   (You found it on level 3 of the Dungeon)
Missiles
 o - 8 javelins (quivered)
Armour
 b - a +0 plate armour
   (You found it on level 3 of the Dungeon)
 h - a +0 scale mail (worn)
   (You found it on level 1 of the Dungeon)
 m - a +2 cloak (worn)
   (You found it on level 2 of the Dungeon)
Wands
 q - a wand of paralysis (15)
   (You found it on level 4 of the Dungeon)
Scrolls
 e - 2 scrolls of teleportation
 k - a scroll of fear
 r - a scroll of enchant armour
Potions
 d - 3 potions of flight
 g - 2 potions of ambrosia {unknown}
 i - 2 potions of brilliance {unknown}
 j - a potion of heal wounds {unknown}
 l - a potion of mutation {unknown}
 p - a potion of might {unknown}
Comestibles
 c - 12 rations
 f - 2 chunks of flesh {@w0}


   Skills:
 - Level 3.6 Fighting
 + Level 9.3 Axes
 - Level 2.4 Dodging
 - Level 1.5 Stealth


You had 5 spell levels left.
You didn't know any spells.
Your spell library was empty.

Dungeon Overview and Level Annotations

Branches:
Dungeon (4/15)
 Temple: D:4-7

Altars:
Ashenzari
Cheibriados
The Shining One


Message History

You kill the jackal!
No target in view!
No target in view!
No target in view!
No target in view!
You butcher the jackal corpse.
f - 3 chunks of flesh {@w0} (gained 2)
You see here a jackal skeleton. x2
HP restored.
q - a wand of paralysis (15) Key pressed, stopping explore.
Found a stone staircase leading down.
You open the door.
There is an open door here.
A quokka comes into view.
A quokka is nearby!
Found a stone staircase leading down.
You see here a scroll of enchant armour.
You closely miss the quokka.
The quokka bites you but does no damage.
Your scale mail prevents you from hitting the quokka.
The quokka twitches its whiskers.
The quokka barely misses you.
You barely miss the quokka. The quokka bites you.
Your scale mail prevents you from hitting the quokka.
The quokka closely misses you.
You closely miss the quokka. The quokka bites you.
Your scale mail prevents you from hitting the quokka.
The quokka bites you but does no damage.
You hit the quokka.
The quokka is heavily wounded.
The quokka closely misses you.
You barely miss the quokka.
The quokka is heavily wounded.
The quokka bites you but does no damage.
You hit the quokka.
You kill the quokka!
No target in view!
No target in view!
No target in view!
r - a scroll of enchant armour You butcher the quokka corpse.
f - 4 chunks of flesh {@w0} (gained 1)
You found a teleport trap!
Okay, then.
Unknown command.
Unknown command.
Unknown command.
Unknown command.
You now have 175 gold pieces (gained 17).
As you open the door, it creaks loudly!
There is an open door here.
c - 12 rations (gained 1)
You open the door.
Found a stone staircase leading up.
Some of the chunks of flesh in your inventory have rotted away.
Eating one of 3 chunks of flesh {@w0}.
You eat one of the 3 chunks of flesh {@w0}.
This raw flesh tastes terrible.
s - a scroll labeled FAILERHYEL You open the door.
There is an open door here.
Key pressed, stopping explore.
As you read the scroll labeled FAILERHYEL, it crumbles to dust.
It is a scroll of amnesia.
You feel forgetful for a moment.
You see here a potion of lignification {!q}.
There is an open door here.
An ogre comes into view. It is wielding a giant club.
The ogre shouts!
You hit the ogre but do no damage. You hit the ogre.
The ogre is lightly wounded.
The ogre hits you with a giant club!
A worm comes into view.
You are too injured to fight recklessly!
You are too injured to fight recklessly!
You are too injured to fight recklessly!
You are too injured to fight recklessly!
You hit the ogre.
The ogre is moderately wounded.
The ogre barely misses you.
You barely miss the ogre.
The ogre is moderately wounded.
You slash the ogre!
The ogre is severely wounded.
The ogre hits you with a giant club!!
You barely miss the ogre.
The ogre is severely wounded.
The ogre barely misses you.
You hit the ogre.
The ogre is almost dead.
You barely miss the ogre.
The ogre is almost dead.
The ogre hits you with a giant club.
* * * LOW HITPOINT WARNING * * *
You hit the ogre.
The ogre is almost dead.
The ogre hits you with a giant club!!
You die...

.............#....# #.......#.##
.............#....##########.#..#
...!.........'...................
.............#..........#######..
.............###........# ##.
.............# #........# #.
###..........# #........# #.
############ #........# ## *
#@.......# #
#......O.......#########
........................
#.......################
#....w..# ,........# .#....###
..#..* *, ##


You could see an ogre and a worm.

Vanquished Creatures
  3 orc priests
  2 orc wizards (D:4)
  An iguana (D:4)
  A worker ant (D:2)
  6 adders
  2 worms
  2 dart slugs
  A leopard gecko (D:2)
  8 orcs
  A ball python (D:3)
  8 bats
  3 giant cockroaches
  10 goblins
  8 hobgoblins
  12 jackals
  3 quokkas
  3 frilled lizards
  9 kobolds
  6 rats
89 creatures vanquished.

Notes
Turn   | Place    | Note
-------+----------+-------------------------------------------
     0 | D:1      | Mgcat the Hill Orc Monk began the quest for the Orb.
     0 | D:1      | Reached XP level 1. HP: 19/19 MP: 1/1
    81 | D:1      | Reached XP level 2. HP: 25/26 MP: 2/2
   238 | D:1      | Reached skill level 5 in Axes
   460 | D:1      | Reached XP level 3. HP: 31/31 MP: 3/3
   847 | D:2      | Reached skill level 6 in Axes
   855 | D:2      | Reached XP level 4. HP: 25/39 MP: 4/4
  1210 | D:2      | Reached skill level 7 in Axes
  1338 | D:2      | Found a shattered altar of Ashenzari.
  1343 | D:2      | Became a worshipper of Ashenzari the Shackled
  1343 | D:2      | Reached * piety under Ashenzari
  1343 | D:2      | Reached ** piety under Ashenzari
  1545 | D:2      | Found a glowing golden altar of the Shining One.
  1697 | D:3      | Found a snail-covered altar of Cheibriados.
  1776 | D:3      | Reached XP level 5. HP: 21/45 MP: 5/5
  2323 | D:3      | Reached skill level 8 in Axes
  2929 | D:4      | Reached XP level 6. HP: 25/51 MP: 6/6
  2932 | D:4      | HP: 12/51 [orc priest/divine providence (14)]
  2951 | D:4      | HP: 9/51 [orc priest/divine providence (10)]
  3202 | D:4      | Reached skill level 9 in Axes
  3515 | D:4      | HP: 12/51 [ogre/giant club (4)]
  3516 | D:4      | Mangled by an ogre

Vault maps used:
D:1:      shiori_arrival_oz, minmay_pentomino_r4
D:2:      nicolae_overflow_crystal_walls, tso_altar
D:3:      kennysheep_slug_shrine
D:4:      first_ration, minmay_misc_feat_pillars

Skill      XL: |  1  2  3  4  5  6 |
---------------+-------------------+-----
Axes           | 5 6 7 8 9 |  9.3
Fighting       | |  3.6
Dodging        | |  2.4
Stealth        | |  1.5

Action                   |  1- 3 |  4- 6 || total
-------------------------+-------+-------++-------
Melee: Hand axe          |   114 |   250 ||   364
Throw: Javelin           |       |     2 ||     2
  Use: Potion            |     3 |     3 ||     6
       Scroll            |     2 |     9 ||    11
 Stab: Sleeping          |     2 |       ||     2
  Eat: Chunk             |       |     9 ||     9
Armor: Robe              |    10 |       ||    10
       Leather armour    |    15 |       ||    15
       Skin              |    16 |       ||    16
       Scale mail        |     5 |    88 ||    93
Dodge: Dodged            |    81 |   100 ||   181

Table legend:
 A = Spawn XP
 B = Non-spawn XP
 C = Spawn XP percentage of total XP
 D = Spawn monster count
 E = Non-spawn monster count
 F = Spawn count percentage of total count
 G = Total turns spent on level
                    A         B        C        D         E        F      G
               +---------+---------+-------+---------+---------+-------+---------
         Total |       0 |     472 |   0.0 |       0 |      89 |   0.0 |  3516
               +---------+---------+-------+---------+---------+-------+---------
           D:1 |       0 |      50 |   0.0 |       0 |      29 |   0.0 |   802
           D:2 |       0 |      98 |   0.0 |       0 |      17 |   0.0 |   865
           D:3 |       0 |     107 |   0.0 |       0 |      27 |   0.0 |  1441
           D:4 |       0 |     217 |   0.0 |       0 |      16 |   0.0 |   408
               +---------+---------+-------+---------+---------+-------+---------

Vault maps used:
D:1:      shiori_arrival_oz, minmay_pentomino_r4
D:2:      nicolae_overflow_crystal_walls, tso_altar
D:3:      kennysheep_slug_shrine
D:4:      first_ration, minmay_misc_feat_pillars

Table legend:
 A = Turns spent in this place as a percentage of turns spent in the entire game.
 B = Non-inter-level travel turns spent in this place as a percentage of non-inter-level travel turns spent in the entire game.
 C = Inter-level travel turns spent in this place as a percentage of turns spent in this place.
 D = Turns resting spent in this place as a percentage of non-inter-level travel turns spent in this place.
 E = Turns spent auto-exploring this place as a percentage of non-inter-level travel turns spent in this place.
 F = Non-inter-level travel turns spent in this place divided by the number of levels of this place that you've seen.
                   A       B       C       D       E      F
               +-------+-------+-------+-------+-------+----------------------
         Total | 100.0 | 100.0 |   2.6 |   6.6 |  72.4 | 855.8
       Dungeon | 100.0 | 100.0 |   2.6 |   6.6 |  72.4 | 855.8
               +-------+-------+-------+-------+-------+----------------------

Table legend:
 A = Kills in this place as a percentage of kills in entire the game.
 B = Kills by you in this place as a percentage of kills by you in the entire game.
 C = Kills by friends in this place as a percentage of kills by friends in the entire game.
 D = Other kills in this place as a percentage of other kills in the entire game.
 E = Experience gained in this place as a percentage of experience gained in the entire game.
 F = Experience gained in this place divided by the number of levels of this place that you have seen.
                   A       B       C       D       E      F
               +-------+-------+-------+-------+-------+----------------------
         Total | 100.0 | 100.0 |   N/A |   N/A | 100.0 | 118.0
       Dungeon | 100.0 | 100.0 |   N/A |   N/A | 100.0 | 118.0
               +-------+-------+-------+-------+-------+----------------------
